 Dungeon Crawl Stone Soup version 0.01-2115-ge649c80b0b (webtiles) character file.

Game seed: 1607273495215677443, levelgen mode: deterministic

63 Lanoc the Whippersnapper (level 3, -1/25 HPs) Lignifite Demonspawn. Began on June 5, 2020. Slain by a sewer rat (7 damage) ... on level 1 of the Dungeon. The game lasted 00:03:20 (833 turns).

Lanoc the Whippersnapper (Lignifite Demonspawn)      Turns: 833, Time: 00:03:20

Health: -1/25      AC:  3    Str: 19    XL:     3 ^: 7
Magic:  0/7        EV: 16    Int: 13    God:
Gold:   69         SH:  7    Dex:  8    Spells: 5/6 levels left

rFire    x . .     Vision   .   a - +0 flail
rCold    . . .     Gourm    .   e - +0 buckler
rNeg     . . .     Faith    .   b - +0 robe
rPois    +         Spirit   +   (helmet restricted)
rElec    .         Reflect  .   (no cloak)
rCorr    .         Harm     .   (gloves unavailable)
MR       .....                  (boots unavailable)
Stlth    +++.......             (no amulet)
HPRegen  0.18/turn              g - ring of stealth
MPRegen  0.17/turn              (no ring)

@: very slightly contaminated, quick
A: very small, rF-, thin metallic chaff 1, deformed body, speed 1, poison
resistance, slow metabolism 1, torment resistance, plant, magic shield, rot
immunity
a: no special abilities


You were on level 1 of the Dungeon.
You were not hungry.

You visited 1 branch of the dungeon, and saw 2 of its levels.

You collected 69 gold pieces.

Inventory:

Weapons
 a - a +0 flail (weapon) Shields
 e - a +0 buckler (shield)
Armour
 b - a +0 robe (worn)
Jewellery
 g - a ring of stealth (left hand)
Scrolls
 i - a scroll of fear
Potions
 c - a potion of agility
 f - a potion of curing
 h - 2 potions of might
Comestibles
 d - 4 rations
 j - 2 chunks of flesh


   Skills:
 + Level 2.5 Fighting
 * Level 3.3 Whips & Flails
 + Level 3.0 Dodging
 - Level 1.7 Stealth
 + Level 0.9 Shields
 - Level 2.1 Spellcasting
   Level 3.0 Invocations


You had 5 spell levels left.
You knew the following spells:

 Your Spells              Type           Power        Failure   Level  Hunger
a - Flame Tongue          Fire           1 (40)       38%         1    ##.....

Your spell library contained the following spells:

 Spells                   Type           Power        Failure   Level  Hunger
 Blink                    Tloc           N/A          52%         2    ###....
 Call Imp                 Summ           1 (100)      52%         2    ###....
 Slow                     Hex            1 (100)      52%         2    ###....
 Conjure Flame            Fire           1 (100)      77%         3    ####...
 Mephitic Cloud           Pois/Air       1 (100)      77%         3    ####...


Dungeon Overview and Level Annotations

Branches:
Dungeon (2/8)

Altars:


Innate Abilities, Weirdness & Mutations

Your woody flesh burns easily. (rF-)
A tangle of shorter branches protects your body from attack. (+2 SH)
You are very small and have problems with some larger weapons.
You are too small for most types of armour.
You are partially covered in a thin metallic chaff. (AC +2)
Armour fits poorly on your strangely shaped body.
You cover ground quickly.
Your system is resistant to poisons. (rPois)
You have a slow metabolism.
You are immune to unholy pain and torment.
You require very little carbon dioxide to survive.
When hurt, damage is shared between your health and your magic reserves.
You are immune to rotting.


Message History

You barely miss the sewer rat. The sewer rat misses you (0).
Some of the chunks of flesh in your inventory have rotted away.
You hit the sewer rat (3).
The sewer rat is moderately wounded. (8/12) HP You block the sewer rat's attack.
Casting: Flame Tongue (safe; 38% risk of failure)
Confirm with . or Enter, or press ? or * to list all spells.
Aiming: Flame Tongue (safe; 38% risk of failure)
Press: ? - help, Shift-Dir - straight line, f/p - sewer rat
Aim: a sewer rat (moderately wounded (8/12))
The flame tongue hits the sewer rat (2).
The sewer rat is heavily wounded. (6/12) HP The sewer rat bites you (6).
* * * LOW HITPOINT WARNING * * *
You barely miss the sewer rat. The sewer rat misses you (0).
You barely miss the sewer rat. The sewer rat barely misses you (0).
You block the sewer rat's attack.
You barely miss the sewer rat. The sewer rat barely misses you (0).
You barely miss the sewer rat. The sewer rat bites you (9)!
You die...

#.................####.....
#.....).............##.....
#..........................
#..........)....##......###
#.).............##.###.....
##.............###)# #...##
##....>#.r...####.####.##
########r##............#
####@#..####...##..#
#....#.####..#.# ..#
#....#.##...##.##..##
#......##...# .......
###....######.####.# ..
#.........###..##..# ##
#.#....##...##.....#
##'##...####...###..#
#8.8#...# ###...#..##


You could see 2 sewer rats.

Vanquished Creatures
  3 sewer rats (D:1)
  A worm (D:1)
  2 leopard geckos (D:1)
  An adder skeleton (D:2)
  2 goblins (D:1)
  2 hobgoblins (D:1)
  3 bats (D:1)
  11 kobolds
  5 rats (D:1)
30 creatures vanquished.

Notes
Turn   | Place    | Note
-------+----------+-------------------------------------------
     0 | D:1      | Lanoc the Lignifite Demonspawn began the quest for the Orb.
     0 | D:1      | Reached XP level 1. HP: 12/12 MP: 4/4
    90 | D:1      | Gained mutation: You are partially covered in a thin
                  | metallic chaff. (AC +2) [demonic ancestry]
    90 | D:1      | Reached XP level 2. HP: 9/19 MP: 3/6
   455 | D:1      | Gained mutation: When hurt, damage is shared between your
                  | health and your magic reserves. [demonic ancestry]
   455 | D:1      | Reached XP level 3. HP: 11/25 MP: 7/7
   833 | D:1      | Slain by a sewer rat

Levels and vault maps discovered:
D:1:      saegor_arrival_simple_b, layout_rooms, first_ration,
          chequers_decorated_corner
D:2:      layout_sewer, kennysheep_path_1

Skill      XL: |  1  2  3 |
---------------+----------+-----
Whips & Flails | 3 |  3.3
Dodging        | 3 |  3.0
Fighting       | |  2.5
Stealth        | |  1.7
Shields        | |  0.9
Spellcasting   | |  2.1
Invocations    | |  3.0

Action                   || total
-------------------------++-------
Melee: Flail             ||   114
       Unarmed           ||     8
 Cast: Flame Tongue      ||    16
  Use: Potion            ||     1
 Stab: Sleeping          ||     4
Armor: Robe              ||    15
Dodge: Dodged            ||   103
Block: Buckler           ||    43
